 Dungeon Crawl Stone Soup version 0.19.0-9-gfd783f2 (webtiles) character file.

109 l0ser140 the Ducker (level 4, 0/39 HPs)
             Began as a Naga Warper on Nov 8, 2016.
             Slain by an orc
             ... wielding a +0 dagger
              (2 damage)
             ... on level 3 of the Dungeon.
             The game lasted 00:12:02 (3314 turns).

l0ser140 the Ducker (Naga Warper)                   Turns: 3314, Time: 00:12:03

Health: 0/39       AC:  3    Str: 14    XL:     4   Next: 90%
Magic:  7/7        EV: 10    Int: 13    God:
Gold:   129        SH:  5    Dex: 11    Spells: 1 memorised, 5 levels left

rFire  . . .     SeeInvis +     a - +0 spear
rCold  . . .     Gourm    .     b - +0 leather armour
rNeg   . . .     Faith    .     (no shield)
rPois  +         Spirit   .     (no helmet)
rElec  .         Reflect  +     (no cloak)
rCorr  .         Harm     .     (no gloves)
MR     +....                    (no barding)
Stlth  +.........               s - +5 amulet of reflection
                                (no ring)
                                k - ring of protection from magic

@: very slightly contaminated, very slow
A: see invisible, deformed body, poison resistance, slowness 2, slow metabolism
1, spit poison 1, AC +1
a: Spit Poison


You were on level 3 of the Dungeon.
You were very hungry.

You visited 1 branch of the dungeon, and saw 3 of its levels.

You collected 129 gold pieces.

Inventory:

Hand Weapons
 a - a +0 spear (weapon)
Armour
 b - a +0 leather armour (worn)
Jewellery
 k - a ring of protection from magic (left hand)
   (You found it on level 1 of the Dungeon)
 s - a +5 amulet of reflection (around neck)
   (You found it on level 2 of the Dungeon)
Scrolls
 d - a scroll of blinking
 h - 4 scrolls of identify {unknown}
 i - 4 scrolls of random uselessness {unknown}
 n - a scroll of remove curse {unknown}
 o - 3 scrolls of recharging {unknown}
 p - 2 scrolls of teleportation {unknown}
 q - a scroll of fear {unknown}
Potions
 g - a potion of beneficial mutation {unknown}
 l - a potion of ambrosia {unknown}
 m - a potion of curing {unknown}
 r - a potion of invisibility {unknown}
 t - a potion of heal wounds {unknown}
Books
 c - a book of Spatial Translocations

   Spells                             Type                      Level
   a - Blink                          Translocation                2
   b - Shroud of Golubria             Charms/Translocation         2
   c - Lesser Beckoning               Translocation                3
   d - Portal Projectile              Translocation                3
   e - Teleport Other                 Translocation                3
   f - Passage of Golubria            Translocation                4
Comestibles
 f - 2 bread rations
 j - a meat ration


   Skills:
 - Level 2.0 Fighting
 - Level 2.0 Polearms
 - Level 0.8 Throwing
 + Level 2.5 Armour
 + Level 3.1 Dodging
 - Level 2.0 Spellcasting
 - Level 3.0 Translocations


You had 5 spell levels left.
You knew the following spells:

 Your Spells              Type           Power        Failure   Level  Hunger
B - Blink                 Tloc           N/A          14%         2    ###....


Dungeon Overview and Level Annotations

Branches:
Dungeon (3/15)

Altars:

Annotations:
D:3 Grinder


Innate Abilities, Weirdness & Mutations

You cannot wear boots.
Your serpentine skin is tough. (AC +1)
You have supernaturally acute eyesight. (SInv)
Armour fits poorly on your strangely shaped body.
Your system is resistant to poisons. (rPois)
You cover ground very slowly.
You have a slow metabolism.
You can spit poison.


Message History

You hit the orc.
The orc is moderately wounded.
The orc hits you with a dagger.
* * * LOW HITPOINT WARNING * * *
Huge Dmg: -10%(-4hp) hp: 6%(2hp)
Okay, then.
Okay, then.
Okay, then.
Okay, then.
Blink to where?
Press: ? - help, Dir - move target cursor, p - orc You are very lightly contaminated with residual magic.
As you read the scroll of blinking, it crumbles to dust.
Evoke which item? (* to show all) (? for menu, Esc to quit)
Okay, then.
You close the door.
An orc opens the door.
Attack whom?
Press: ? - help, Dir - move target cursor, f - orc
Aim: an orc, wielding a dagger and wearing a leather armour (moderately wounded)
You reach to attack!
You hit the orc.
The orc is severely wounded.
You barely miss the orc.
The orc is severely wounded.
The orc hits you but does no damage.
You hit the orc but do no damage.
The orc is severely wounded.
The orc hits you with a dagger.
* * * LOW HITPOINT WARNING * * *
Huge Dmg: -8%(-3hp) hp: 3%(1hp)
Press: ? - help, Shift-Dir - straight line, f/p - orc
Aim: an orc, wielding a dagger and wearing a leather armour (severely wounded)
The splash of poison misses the orc.
You are feeling very hungry.
You block the orc's attack.
Unknown command.
You barely miss the orc.
The orc is severely wounded.
The orc hits you but does no damage.
You barely miss the orc.
The orc is severely wounded.
You have got your breath back.
The orc hits you but does no damage.
You hit the orc.
The orc is almost dead.
You block the orc's attack.
You barely miss the orc.
The orc is almost dead.
The orc hits you with a dagger.
You die...

##..# ##.((....#
#...####.........#
#......o......)..+
#...####.........#
#...# ##.......##
#...# ##.....##
#.### ##...## #o#
#+## #N##########.#
#.##.........#
##.##.###.###.##
#...#.##...#...##
#...............#
#...#.##...#....###
#####.###.###.#....
#.........#####
#########.#


You could see an orc.

Vanquished Creatures
  2 adders (D:2)
  2 oozes (D:1)
  5 dart slugs (D:1 D:2 D:3)
  2 leopard geckos (D:1)
  4 orcs (D:3)
  A ball python (D:2)
  4 giant cockroaches (D:1 D:2)
  8 goblins (D:1 D:2 D:3)
  6 hobgoblins (D:1 D:2 D:3)
  6 jackals (D:1 D:2)
  A quokka (D:2)
  7 bats (D:1 D:2 D:3)
  6 frilled lizards (D:1 D:2 D:3)
  4 kobolds (D:1)
  6 rats (D:1 D:2 D:3)
64 creatures vanquished.

Notes
Turn   | Place    | Note
-------+----------+-------------------------------------------
     0 | D:1      | l0ser140 the Naga Warper began the quest for the Orb.
     0 | D:1      | Reached XP level 1. HP: 19/19 MP: 3/3
    52 | D:1      | Huge Dmg: 4 Dmg
    53 | D:1      | Huge Dmg: 4 Dmg
    59 | D:1      | Huge Dmg: 4 Dmg
    59 | D:1      | Reached skill level 1 in Armour
   399 | D:1      | Reached XP level 2. HP: 21/26 MP: 5/5
   600 | D:1      | Reached skill level 2 in Dodging
   630 | D:1      | Huge Dmg: 3 Dmg
   631 | D:1      | Huge Dmg: 3 Dmg
   632 | D:1      | Huge Dmg: 2 Dmg
   919 | D:1      | Huge Dmg: 4 Dmg
   919 | D:1      | Reached XP level 3. HP: 15/32 MP: 6/6
  1191 | D:1      | Learned a level 2 spell: Blink
  1197 | D:1      | Huge Dmg: 16 Dmg
  2249 | D:2      | Reached skill level 2 in Armour
  2253 | D:2      | Reached XP level 4. HP: 33/39 MP: 7/7
  2969 | D:3      | Reached skill level 3 in Dodging
  2992 | D:3      | Noticed Grinder
  3281 | D:3      | Huge Dmg: 8 Dmg
  3285 | D:3      | Huge Dmg: 8 Dmg
  3286 | D:3      | Huge Dmg: 4 Dmg
  3287 | D:3      | Huge Dmg: 4 Dmg
  3290 | D:3      | Huge Dmg: 5 Dmg
  3297 | D:3      | Huge Dmg: 4 Dmg
  3309 | D:3      | HP: 1/39 [orc/dagger (3)]
  3310 | D:3      | Huge Dmg: 3 Dmg
  3314 | D:3      | Slain by an orc

Skill      XL: |  1  2  3  4 |
---------------+-------------+-----
Armour         | 1 2 |  2.5
Dodging        | 2 3 |  3.1
Fighting       | |  2.0
Polearms       | |  2.0
Throwing       | |  0.8
Spellcasting   | |  2.0
Translocations | |  3.0

Action                   |  1- 3 |  4- 6 || total
-------------------------+-------+-------++-------
Melee: Spear             |   125 |   164 ||   289
Throw: Tomahawk          |     2 |     3 ||     5
 Abil: Spit Poison       |     6 |     4 ||    10
  Use: Scroll            |       |     1 ||     1
  Eat: Chunk             |     3 |     2 ||     5
Armor: Leather armour    |    11 |    42 ||    53
Dodge: Dodged            |    36 |    70 ||   106
Block: Other             |       |    13 ||    13

Vault maps used:
D:1:      wheals_arrival_shading, due_unseen_surprise
D:3:      uniq_grinder, uniq_sigmund, uniq_crazy_yiuf_cottage
